 Dungeon Crawl Stone Soup version 0.19.5 (console) character file.

88 Grinner the Ducker (level 4, 0/22 HPs)
             Began as a Spriggan Gladiator on Mar 6, 2017.
             Slain by a hobgoblin (6 damage)
             ... led by Robin
             ... on level 2 of the Dungeon.
             The game lasted 00:02:31 (1449 turns).

Grinner the Ducker (Spriggan Gladiator)             Turns: 1449, Time: 00:02:32

Health: 0/22       AC:  2    Str: 11    XL:     4   Next: 30%
Magic:  5/5        EV: 21    Int:  9    God:
Gold:   38         SH:  0    Dex: 17    Spells: 0 memorised, 3 levels left

rFire  . . .     SeeInvis +     a - +0 long sword
rCold  . . .     Gourm    .     b - +0 robe
rNeg   . . .     Faith    .     (shield restricted)
rPois  .         Spirit   .     c - +0 hat
rElec  .         Reflect  .     (no cloak)
rCorr  .         Harm     .     (gloves unavailable)
MR     .....                    (boots unavailable)
Stlth  ++........               (no amulet)
                                (no ring)
                                (no ring)

@: lethally poisoned (0 -> -2), very quick
A: unfitting armour, see invisible, herbivore 3, speed 3, slow metabolism 2
a: no special abilities


You were on level 2 of the Dungeon.
You were not hungry.

You visited 1 branch of the dungeon, and saw 2 of its levels.

You collected 38 gold pieces.

Inventory:

Hand Weapons
 a - a +0 long sword (weapon)
Missiles
 d - 3 throwing nets (quivered)
Armour
 b - a +0 robe (worn)
 c - a +0 hat (worn)
Scrolls
 e - 2 scrolls of identify {unknown}
 h - a scroll of blinking {unknown}
 j - a scroll of enchant weapon {unknown}
 k - a scroll of random uselessness {unknown}
Potions
 g - a potion of degeneration {unknown}
 i - a potion of heal wounds {unknown}
 l - a potion of lignification {unknown}
Comestibles
 f - a bread ration


   Skills:
 - Level 1.5 Fighting
 * Level 3.6 Long Blades
 - Level 2.0 Throwing
 + Level 5.3 Dodging
 + Level 2.2 Stealth


You had 3 spell levels left.
You didn't know any spells.

Dungeon Overview and Level Annotations

Branches:
Dungeon (2/15)

Altars:
Cheibriados
Nemelex Xobeh


Innate Abilities, Weirdness & Mutations

You are very small and have problems with some larger weapons.
You are too small for most types of armour.
You have supernaturally acute eyesight. (SInv)
You are a herbivore.
You cover ground extremely quickly.
You need consume almost no food.


Message History

Robin roars a battlecry!
The hobgoblin goes into a battle-frenzy!
The goblin completely misses you.
You riposte.
You slash the goblin!
You kill the goblin!
A hobgoblin comes into view.
You hit Robin.
Robin is almost dead.
The hobgoblin hits you with a club. Robin barely misses you.
A goblin comes into view. It is wielding a club.
You hit Robin.
You kill Robin!
The hobgoblin misses you.
You riposte.
You slash the hobgoblin!
You kill the hobgoblin!
You hit the hobgoblin.
The hobgoblin is heavily wounded.
The hobgoblin hits you.
You closely miss the hobgoblin.
The hobgoblin is heavily wounded.
You feel sick. The hobgoblin hits you.
You die...

.#.#
#.............##.#####.#.#
# .#_#
#...###........#.......#.#
.... ....
#.#.##...#########.# #
##.# #.#
.................. . #.
######.#...#####.## #
............# ####.....###
#.....# #.@...# #gg...#
#.#...# ..#..## ####..#
#..# ..# ...


You could see a hobgoblin and a goblin.

Vanquished Creatures
  Jessica (D:2)
  Robin (D:2)
  An adder (D:2)
  A worm (D:2)
  2 leopard geckos (D:1)
  A ball python (D:1)
  4 bats
  A giant cockroach (D:2)
  9 goblins
  6 hobgoblins
  5 frilled lizards
  4 kobolds
  2 rats (D:1)
38 creatures vanquished.

Notes
Turn   | Place    | Note
-------+----------+-------------------------------------------
     0 | D:1      | Grinner the Spriggan Gladiator began the quest for the Orb.
     0 | D:1      | Reached XP level 1. HP: 10/10 MP: 2/2
   202 | D:1      | Reached XP level 2. HP: 9/14 MP: 3/3
   647 | D:1      | Found a sparkling altar of Nemelex Xobeh.
   882 | D:2      | Noticed Jessica
   897 | D:2      | Killed Jessica
   897 | D:2      | Reached skill level 5 in Dodging
   897 | D:2      | Reached skill level 1 in Stealth
   897 | D:2      | Reached XP level 3. HP: 11/18 MP: 4/4
  1083 | D:2      | Found a snail-covered altar of Cheibriados.
  1242 | D:2      | Reached XP level 4. HP: 17/22 MP: 5/5
  1438 | D:2      | Noticed Robin
  1447 | D:2      | Killed Robin
  1449 | D:2      | Slain by a hobgoblin

Skill      XL: |  1  2  3  4 |
---------------+-------------+-----
Long Blades    | 3 |  3.6
Dodging        | 5 |  5.3
Stealth        | 1 2 |  2.2
Fighting       | |  1.5
Throwing       | |  2.0

Action                   |  1- 3 |  4- 6 || total
-------------------------+-------+-------++-------
Melee: Long sword        |    85 |    16 ||   101
 Stab: Sleeping          |     1 |       ||     1
Armor: Robe              |     9 |       ||     9
Dodge: Dodged            |    99 |    13 ||   112
       Rpst.: Long sword |    40 |     5 ||    45
